 Dungeon Crawl Stone Soup version 0.21.1-1-g345015f (webtiles) character file.

366 letownia2 the Conjurer (level 6, -1/35 HPs)
             Began as a Gargoyle Wizard on Feb 23, 2018.
             Slain by inc's ghost (8 damage)
             ... on level 5 of the Dungeon.
             The game lasted 00:10:41 (1561 turns).

letownia2 the Conjurer (Gargoyle Wizard)            Turns: 1561, Time: 00:10:41

Health: -1/35      AC: 10    Str: 10    XL:     6   Next: 68%
Magic:  4/10       EV: 12    Int: 21    God:
Gold:   60         SH:  0    Dex:  8    Spells: 2/11 levels left

rFire    . . .     SeeInvis .   b - +2 quarterstaff (chaos)
rCold    + . .     Gourm    .   (shield currently unavailable)
rNeg     + . .     Faith    .   e - +1 robe {rC+}
rPois    ∞         Spirit   .   q - +1 helmet
rElec    +         Reflect  .   o - +0 cloak
rCorr    .         Harm     .   (no gloves)
MR       .....                  (no boots)
Stlth    ++........             t - amulet of rage
HPRegen  0.11/turn              (no ring)
MPRegen  0.12/turn              (no ring)

@: no status effects
A: negative energy resistance 1, electricity resistance, unbreathing,
petrification resistance, rot immunity, AC +4
a: Evoke Berserk Rage


You were on level 5 of the Dungeon.
You were hungry.

You visited 1 branch of the dungeon, and saw 5 of its levels.

You collected 102 gold pieces.
You spent 42 gold pieces at shops.

Inventory:

Hand Weapons
 a - a +1 short sword of speed
 b - a +2 quarterstaff of chaos (weapon)
 h - a +0 spear
 j - a +0 hunting sling
 n - a +0 short sword of draining
Missiles
 i - 27 sling bullets
 m - 2 throwing nets (quivered)
 r - 14 bolts
Armour
 e - a +1 robe of cold resistance (worn)
 l - a +0 leather armour
 o - a +0 cloak (worn)
 q - a +1 helmet (worn)
Jewellery
 t - an amulet of rage (around neck)
Scrolls
 g - 3 scrolls of identify {unknown}
 k - 5 scrolls of remove curse {unknown}
 p - a scroll of noise {unknown}
 s - a scroll of magic mapping {unknown}
Potions
 f - a potion of haste {unknown}
 u - a potion of lignification
Books
 c - a book of Minor Magic

   Spells                             Type                      Level
   a - Magic Dart                     Conjuration                  1
   b - Blink                          Translocation                2
   c - Call Imp                       Summoning                    2
   d - Slow                           Hexes                        2
   e - Conjure Flame                  Conjuration/Fire             3
   f - Mephitic Cloud                 Conjuration/Poison/Air       3
Comestibles
 d - 5 rations


   Skills:
 + Level 2.2 Fighting
 + Level 0.0 Armour
 + Level 1.5 Dodging
 - Level 2.1 Stealth
 + Level 3.0 Spellcasting
 - Level 5.0 Conjurations
   Level 0.8 Summonings
 - Level 0.8 Translocations
 - Level 2.1 Fire Magic
 - Level 1.6 Air Magic
 - Level 2.1 Poison Magic


You had 2 spell levels left.
You knew the following spells:

 Your Spells              Type           Power        Failure   Level  Hunger
a - Magic Dart            Conj           ###.         1%          1    None
b - Blink                 Tloc           N/A          14%         2    ##.....
c - Conjure Flame         Conj/Fire      ###.....     10%         3    ###....
e - Mephitic Cloud        Conj/Pois/Air  ###.....     12%         3    ###....


Dungeon Overview and Level Annotations

Branches:
Dungeon (5/15)
 Temple: D:4-7

Altars:
Kikubaaqudgha
Nemelex Xobeh

Shops:
D:4 *   D:5 !

Annotations:
D:3 grindst0ne's ghost, amateur OpWz
D:5 inc's ghost, amateur FeCK


Innate Abilities, Weirdness & Mutations

You are resistant to torment.
Your stone body is resilient. (AC +4)
You are immune to poison.
You resist negative energy. (rN+)
You are resistant to electric shocks. (rElec)
You can survive without breathing.
You are immune to petrification.
You are immune to rotting.


Message History

Unknown command.
You are feeling hungry.
You hit the gnoll.
The gnoll seems to speed up.
The gnoll is moderately wounded.
The gnoll seems less confused.
The gnoll hits you. The gnoll closely misses you. Inc's ghost hits you!
A hound comes into view.
Unknown command.
The gnoll closely misses you.
Unknown command.
You closely miss inc's ghost. Inc's ghost hits you!
* * * LOW HITPOINT WARNING * * *
The shadow imp shouts, "Flounder, thou infectious weevil-witted mish-mash!"
The gnoll barely misses the gnoll.
An ogre comes into view. It is wielding a giant spiked club.
Unknown command.
You hit inc's ghost. You burn inc's ghost.
Inc's ghost is moderately damaged.
The ogre moves out of view.
Inc's ghost hits you!
You die...

.'...<.........
#...........g.
#.............
#............#
#...[g5......# ##+
##§# #..# #g5# ..
#.$+ #gW# .. #..#
#@.#
..##..##########..#
..................#
..................#
..................#
..................#
..................#
.###.##############
##.#...........


You could see inc's ghost, 2 gnolls, a crimson imp and a shadow imp.

Vanquished Creatures
  A scorpion (D:3)
  A hound (D:4)
  Crazy Yiuf (D:3)
  A bullfrog zombie (D:4)
  Jessica (D:4)
  2 orc wizards (D:3)
  2 worker ants
  A hound skeleton (D:4)
  3 adders
  3 gnolls (D:4)
  8 orcs
  A giant cockroach (D:3)
  2 goblins
  3 hobgoblins
  2 bats (D:3)
  3 frilled lizards
  5 kobolds
  A quokka zombie (D:5)
  2 rats
43 creatures vanquished.

Notes
Turn   | Place    | Note
-------+----------+-------------------------------------------
     0 | D:1      | letownia2 the Gargoyle Wizard began the quest for the Orb.
     0 | D:1      | Reached XP level 1. HP: 10/10 MP: 4/4
   106 | D:2      | Reached skill level 2 in Conjurations
   133 | D:2      | Reached XP level 2. HP: 15/15 MP: 1/6
   137 | D:2      | Found an ancient bone altar of Kikubaaqudgha.
   240 | D:3      | Noticed a crimson imp
   434 | D:3      | Reached skill level 3 in Conjurations
   437 | D:3      | Reached XP level 3. HP: 5/19 MP: 0/7
   445 | D:3      | Learned a level 3 spell: Mephitic Cloud
   449 | D:3      | Learned a level 3 spell: Conjure Flame
   618 | D:4      | Reached skill level 4 in Conjurations
   618 | D:4      | Reached XP level 4. HP: 4/24 MP: 0/8
   764 | D:3      | Found a runed door.
   780 | D:3      | Learned a level 2 spell: Blink
   780 | D:3      | Noticed Crazy Yiuf
   790 | D:3      | Killed Crazy Yiuf
   790 | D:3      | Reached skill level 1 in Fire Magic
   790 | D:3      | Reached skill level 1 in Air Magic
   790 | D:3      | Reached skill level 1 in Poison Magic
   790 | D:3      | Reached XP level 5. HP: 14/28 MP: 2/9
   893 | D:4      | Found a sparkling altar of Nemelex Xobeh.
   893 | D:4      | Noticed Jessica
   900 | D:4      | Killed Jessica
   947 | D:4      | Found Sysoseleus's General Store.
   957 | D:4      | Reached XP level 6. HP: 29/33 MP: 1/10
  1027 | D:4      | Reached skill level 1 in Fighting
  1038 | D:4      | Found a sparkling altar of Nemelex Xobeh.
  1333 | D:3      | Noticed grindst0ne's ghost (amateur OpWz)
  1468 | D:5      | Entered Level 5 of the Dungeon
  1501 | D:5      | Found Mate's Distillery.
  1511 | D:5      | Bought a potion of lignification for 42 gold pieces
  1528 | D:5      | Reached skill level 5 in Conjurations
  1552 | D:5      | Noticed inc's ghost (amateur FeCK)
  1561 | D:5      | Slain by inc's ghost

Skill      XL: |  1  2  3  4  5  6 |
---------------+-------------------+-----
Conjurations   | 2 3 4 5 |  5.0
Fire Magic     | 1 2 |  2.1
Air Magic      | 1 |  1.6
Poison Magic   | 1 2 |  2.1
Fighting       | 2 |  2.2
Dodging        | |  1.5
Stealth        | |  2.1
Spellcasting   | |  3.0
Summonings     | |  0.8
Translocations | |  0.8

Action                   |  1- 3 |  4- 6 || total
-------------------------+-------+-------++-------
Melee: Short sword       |    47 |    40 ||    87
       Quarterstaff      |       |    42 ||    42
 Cast: Magic Dart        |    42 |    29 ||    71
       Mephitic Cloud    |     2 |     8 ||    10
       Conjure Flame     |       |     3 ||     3
 Stab: Sleeping          |     1 |       ||     1
       Confused          |       |     3 ||     3
  Eat: Chunk             |       |     3 ||     3
Armor: Robe              |    22 |    22 ||    44
       Leather armour    |       |     4 ||     4
Dodge: Dodged            |    38 |    71 ||   109
